Map: Frozen Temple

Players

llllllllllll - Winner!

  • Race: Zerg Zerg
  • League: Grandmaster

IIIIIIIIIIII (State)

  • Race: Protoss Protoss
  • League: Grandmaster

VOD

Have the link to the VOD?

Description

Time

  • Played on: Aug. 4, 2016, 2:27 a.m.
  • Length: 7:24
Show
View Real Time Build Order
Export as new Build Order

llllllllllll Zerg - Winner!

Build Orders: Hatch First 

Get SALT Encoding   

  12  0:01  Drone  
  13  0:12  Overlord  
  13  0:18  Drone  
  14  0:30  Drone x2  
  16  0:47  Hatchery  
  15  0:52  Drone  
  15  0:54  Drone  
  17  0:58  Drone  
  18  1:06  Extractor  
  17  1:13  Spawning Pool  
  17  1:16  Drone  
  17  1:20  Drone  
  18  1:28  Drone  
  19  1:45  Hatchery  
  18  1:47  Drone  
  18  1:51  Drone  
  20  2:01  Queen  
  20  2:05  Drone  
  23  2:08  Drone  
  23  2:13  Metabolic Boost  
  24  2:18  Drone  
  25  2:23  Overlord  
  25  2:27  Drone  
  26  2:30  Drone  
  26  2:32  Drone  
  28  2:41  Queen  
  28  2:44  Zergling x2  
  31  2:45  Zergling x2  
  31  2:50  Pneumatized Carapace  
  32  2:52  Zergling x2  
  32  2:56  Drone  
  32  2:57  Drone  
  35  3:03  Queen  
  35  3:05  Drone  
  38  3:10  Overlord  
  38  3:12  Drone  
  39  3:15  Drone x2  
  39  3:17  Drone  
  42  3:21  Overlord  
  42  3:29  Drone  
  42  3:30  Drone x3  
  42  3:33  Drone  
  47  3:34  Drone  
  47  3:36  Drone  
  49  3:42  Overlord  
  49  3:48  Drone x2  
  51  3:49  Drone x2  
  51  3:50  Drone  
  51  3:52  Drone  
  51  3:54  Drone  
  56  4:00  Drone  
  56  4:02  Drone  
  58  4:05  Overlord  
  58  4:10  Overlord  
  58  4:14  Lair  
  58  4:15  Drone x4  
  58  4:16  Drone  
  63  4:19  Roach Warren  
  63  4:20  Evolution Chamber  
  63  4:23  Zergling x6  
  63  4:24  Zergling x2  
  64  4:31  Zergling x6  
  64  4:32  Zergling x4  
  64  4:36  Spine Crawler  
  64  4:37  Extractor  
  67  4:39  Extractor, Drone x2  
  67  4:42  Drone  
  67  4:45  Extractor, Queen  
  70  4:49  Zergling x8  
  70  4:51  Drone  
  74  4:58  Overlord  
  74  4:59  Overlord  
  74  5:00  Overlord  
  74  5:01  Drone  
  74  5:05  Overlord  
  74  5:06  Roach x3  
  81  5:07  Overlord  
  81  5:10  Overlord  
  81  5:12  Overlord  
  81  5:13  Roach  
  82  5:19  Glial Reconstitution  
  82  5:20  Spine Crawler  
  82  5:21  Spine Crawler, Roach  
  81  5:24  Roach x2  
  83  5:31  Roach  
  82  5:36  Roach x4  
  82  5:41  Zergling x8  
  88  5:48  Roach x2  
  92  5:50  Zergling x2  
  93  5:57  Roach x3  
  93  5:58  Roach  
  93  6:01  Roach  
  103  6:05  Roach x2  
  103  6:09  Overseer, Overlord  
  107  6:12  Roach  
  111  6:18  Roach  
  111  6:19  Zergling x2, Roach  
  111  6:20  Zergling x2  
  115  6:27  Overlord  
  115  6:29  Roach  
  115  6:32  Roach  
  119  6:33  Roach  
  119  6:37  Roach  
  123  6:40  Roach x2  
  123  6:42  Zergling x2  
  123  6:43  Zergling x2  
  131  6:47  Roach  
  131  6:50  Roach x2  
  135  7:00  Roach  
  135  7:01  Roach x3  
  138  7:04  Roach x2  
Show
View Real Time Build Order
Export as new Build Order

IIIIIIIIIIII Protoss 

Build Orders: 1 Gate Expand 

Get SALT Encoding   

  12  0:00  Probe (Chrono Boost)  
  13  0:11  Probe (Chrono Boost)  
  14  0:17  Pylon  
  14  0:22  Probe (Chrono Boost)  
  15  0:35  Probe (Chrono Boost)  
  16  0:36  Gateway  
  16  0:45  Probe (Chrono Boost)  
  16  0:46  Assimilator  
  17  0:56  Probe (Chrono Boost)  
  18  1:07  Probe (Chrono Boost)  
  19  1:18  Nexus  
  19  1:21  Probe (Chrono Boost)  
  20  1:31  Cybernetics Core  
  20  1:34  Probe (Chrono Boost)  
  21  1:40  Assimilator  
  21  1:45  Probe (Chrono Boost)  
  22  1:51  Pylon  
  22  1:55  Probe (Chrono Boost)  
  23  2:05  Adept  
  23  2:08  Warp Gate  
  23  2:10  Probe (Chrono Boost)  
  26  2:22  Twilight Council, Probe (Chrono Boost)  
  28  2:30  Probe (Chrono Boost)  
  28  2:32  Stalker  
  28  2:34  Probe (Chrono Boost)  
  31  2:40  Probe (Chrono Boost)  
  32  2:46  Resonating Glaives, Probe (Chrono Boost)  
  32  2:51  Probe (Chrono Boost)  
  34  2:57  Probe (Chrono Boost)  
  35  3:01  Probe (Chrono Boost)  
  36  3:10  Probe (Chrono Boost)  
  36  3:12  Probe (Chrono Boost)  
  38  3:13  Gateway  
  38  3:15  Gateway  
  38  3:22  Probe (Chrono Boost), Robotics Facility  
  38  3:26  Mothership Core (Chrono Boost)  
  41  3:34  Probe (Chrono Boost)  
  42  3:37  Assimilator  
  42  3:43  Pylon  
  42  3:44  Probe (Chrono Boost)  
  42  3:46  Probe (Chrono Boost)  
  44  3:52  Pylon  
  44  3:55  Probe (Chrono Boost)  
  45  3:58  Probe (Chrono Boost)  
  46  4:04  Pylon  
  46  4:05  Warp Prism  
  46  4:06  Probe (Chrono Boost)  
  48  4:10  Probe (Chrono Boost)  
  48  4:14  Adept x2  
  48  4:15  Adept  
  57  4:18  Probe (Chrono Boost)  
  57  4:22  Probe (Chrono Boost)  
  58  4:30  Probe (Chrono Boost)  
  59  4:34  Probe (Chrono Boost), Adept  
  59  4:35  Adept  
  62  4:44  Probe (Chrono Boost)  
  64  4:47  Observer  
  65  4:54  Nexus  
  65  4:56  Pylon  
  65  4:57  Adept x3  
  70  5:05  Pylon  
  70  5:09  Pylon  
  70  5:10  Observer  
  70  5:12  Pylon  
  70  5:14  Probe (Chrono Boost)  
  70  5:21  Adept x2  
  70  5:22  Adept  
  70  5:26  Probe x2 (Chrono Boost)  
  78  5:29  Immortal  
  81  5:38  Probe x2 (Chrono Boost)  
  80  5:45  Robotics Bay  
  70  5:50  Probe x2 (Chrono Boost)  
  70  5:54  Sentry x3  
  72  5:58  Forge  
  72  6:02  Probe (Chrono Boost)  
  72  6:03  Probe (Chrono Boost)  
  74  6:08  Probe (Chrono Boost)  
  75  6:15  Probe x2 (Chrono Boost)  
  82  6:18  Probe (Chrono Boost)  
  82  6:21  Assimilator  
  82  6:23  Assimilator, Gateway  
  83  6:27  Probe (Chrono Boost)  
  83  6:28  Disruptor  
  83  6:29  Probe x2 (Chrono Boost)  
  85  6:39  Adept x3  
  90  6:42  Pylon  
  90  6:43  Probe x3 (Chrono Boost)  
  90  6:44  Pylon  
  93  6:49  Pylon  
  93  6:52  Pylon  
  93  6:53  Probe (Chrono Boost)  
  94  6:55  Probe (Chrono Boost)  
  92  7:05  Adept x3  
  95  7:12  Probe (Chrono Boost)  
  95  7:13  Probe x2 (Chrono Boost)  
Tags
 
Add a new tag
Caveats
  • Supply blocks, unpowered buildings, or Contaminate may cause inaccurate times.
  • Supply counts are checked every 10 seconds.